 Dungeon Crawl Stone Soup version 0.31.0-11-ge490571c62 (webtiles) character file.

Game seed: 12353733216923700343

498 qw the Shooter (level 6, -1/33 HPs)
             Began as a Spriggan Hunter on Feb 4, 2024.
             Slain by Ijyb
             ... wielding a +0 club
              (3 damage)
             ... on level 3 of the Dungeon.
             The game lasted 00:00:08 (2269 turns).

qw the Shooter (Spriggan Hunter)                    Turns: 2269, Time: 00:00:08

Health: -1/33      AC:  2    Str:  7    XL:     6   Next: 94%
Magic:  7/7        EV: 20    Int: 11    God:
Gold:   215        SH:  0    Dex: 20    Spells: 5/5 levels left

rFire   . . .        a - +0 shortbow
rCold   . . .        (shield currently unavailable)
rNeg    . . .        c - +0 robe
rPois   .            (helmet restricted)
rElec   .            (no cloak)
rCorr   .            (gloves unavailable)
SInv    +            (boots unavailable)
Will    +....        (no amulet)
Stlth   ++           (no ring)
HPRegen 0.25/turn    (no ring)
MPRegen 0.10/turn

%: clarity
@: very quick
A: very small, no large weapons, unfitting armour, see invisible, speed 3, horns
1, clarity
a: no special abilities


You were on level 3 of the Dungeon.
You visited 1 branch of the dungeon, and saw 3 of its levels.

You collected 215 gold pieces.


Innate Abilities, Weirdness & Mutations

You are very small and have problems with some larger weapons.
You are too small for most types of armour.
You have supernaturally acute eyesight. (SInv)
You cover ground extremely quickly. (Speed+++)
You have a pair of small horns on your head.
You possess an exceptional clarity of mind.


   Skills:
 - Level 3.7 Fighting
 - Level 6.2 Ranged Weapons
 + Level 5.5 Dodging
 - Level 1.5 Stealth


You had 5 spell levels left.
You didn't know any spells.
Your spell library was empty.

Inventory:

Hand Weapons
 a - a +0 shortbow (weapon)
Armour
 b - the +2 robe "Upijuaj" {rF- rC++}
   (You found it on level 3 of the Dungeon)

   rF-:       It makes you vulnerable to fire.
   rC++:      It greatly protects you from cold.
 c - a +0 robe (worn)
Scrolls
 h - a scroll of identify
 i - a scroll of enchant weapon {unknown}
Potions
 d - a potion of enlightenment
 e - a potion of might
 g - a potion of mutation
 j - a potion of haste {unknown}

Dungeon Overview and Level Annotations

Branches:
Dungeon (3/15)

Altars:

Shops:
D:1 (

Annotations:
D:3 Ijyb


Message History

You shoot an arrow. The arrow hits the giant cockroach.
You kill the giant cockroach!
The gnoll hits you with a +0 whip.
You shoot an arrow. The arrow hits the gnoll.
The gnoll is moderately wounded.
The gnoll barely misses you. The gnoll closely misses you.
You shoot an arrow. The arrow barely misses the gnoll.
The gnoll closely misses you. The gnoll misses you.
You shoot an arrow. The arrow barely misses the gnoll.
The gnoll barely misses you. The gnoll closely misses you.
You shoot an arrow.
The arrow hits the gnoll but does no damage.
The gnoll is moderately wounded.
The gnoll hits you with a +0 whip. The gnoll barely misses you.
You shoot an arrow. The arrow barely misses the gnoll.
The gnoll misses you. x2
You shoot an arrow. The arrow hits the gnoll.
The gnoll is severely wounded.
The gnoll completely misses you. The gnoll closely misses you.
You shoot an arrow.
The arrow hits the gnoll but does no damage.
The gnoll is heavily wounded.
The gnoll closely misses you. The gnoll completely misses you.
You shoot an arrow.
The arrow hits the gnoll but does no damage.
The gnoll is heavily wounded.
The gnoll completely misses you. The gnoll hits you with a +0 whip.
The gnoll hits you with a +0 whip! The gnoll barely misses you.
You shoot an arrow. The arrow hits the gnoll.
The gnoll is severely wounded.
The gnoll closely misses you. The gnoll barely misses you.
You shoot an arrow. The arrow hits the gnoll.
The gnoll is almost dead.
The gnoll misses you. The gnoll hits you but does no damage.
You shoot an arrow. The arrow hits the gnoll.
You kill the gnoll!
The gnoll barely misses you.
You shoot an arrow. The arrow barely misses Ijyb.
The gnoll closely misses you. Ijyb hits you with a +0 club.
You die...

##.###.# ..# #...##..
#.# #...#### #.# #...# .
... #...# .. #.# #...#
..#)### #.#######...####
....B.g##.#.............
#g@(..........)....
####.#.............
#....#######...####
#.#### #...# # #...#
###...### #.......##
#######.#...#.##
#.......##.##.##


You could see Ijyb, a bombardier beetle and a gnoll.

Vanquished Creatures
  Grinder (D:3)
  Sigmund (D:3)
  A bombardier beetle (D:3)
  3 gnolls (D:3)
  3 adders (D:2)
  2 ribbon worms
  A dart slug (D:1)
  An orc (D:3)
  5 ball pythons
  5 bats (D:1)
  4 endoplasms
  3 giant cockroaches
  2 goblins
  8 hobgoblins (D:2)
  3 jackals (D:2)
  4 kobolds
  2 quokkas
  5 frilled lizards
  6 rats
60 creatures vanquished.

Notes
Turn   | Place    | Note
-------+----------+-------------------------------------------
     0 | D:1      | qw the Spriggan Hunter began the quest for the Orb.
     0 | D:1      | Reached XP level 1. HP: 10/10 MP: 2/2
     0 | D:1      | 0 ||| qw: Version: 0.3-a-160-g6735b56
     0 | D:1      | 0 ||| qw: Game counter: 4774
     0 | D:1      | 0 ||| qw: Melee chars always use a shield: true
     0 | D:1      | 0 ||| qw: God list: Okawaru
     0 | D:1      | 0 ||| qw: Allow faded altars: false
     0 | D:1      | 0 ||| qw: Do Orc after clearing Dungeon:15 true
     0 | D:1      | 0 ||| qw: Do second Lair branch before Depths: true
     0 | D:1      | 0 ||| qw: Lair rune preference: random
     0 | D:1      | 0 ||| qw: Goals: Normal
     0 | D:1      | 0 ||| PLANNING D:1-11
    43 | D:1      | Found Raqadozax's Weapon Shoppe.
   166 | D:1      | Reached skill level 3 in Dodging
   247 | D:1      | Reached XP level 2. HP: 14/14 MP: 3/3
   250 | D:1      | 250 ||| DRINKING 2 murky red potions.
   251 | D:1      | 251 ||| DROPPING scroll of butterflies.
   393 | D:1      | Found a faded altar of an unknown god.
  1136 | D:2      | Reached XP level 3. HP: 16/18 MP: 4/4
  1377 | D:2      | Reached skill level 5 in Ranged Weapons
  1458 | D:2      | Reached XP level 4. HP: 18/22 MP: 5/5
  1770 | D:2      | 1770 ||| READING 2 scrolls labelled BOMNYS FIATH.
  1770 | D:2      | 1770 ||| IDENTIFYING green potion
  1771 | D:2      | 1771 ||| READING scroll of identify.
  1771 | D:2      | 1771 ||| IDENTIFYING coppery potion
  1772 | D:2      | 1772 ||| DRINKING 2 blue potions.
  1773 | D:2      | 1773 ||| DRINKING 2 metallic purple potions.
  1773 | D:2      | Gained mutation: You have a pair of small horns on your
                  | head. [potion of mutation]
  1773 | D:2      | Gained mutation: You possess an exceptional clarity of
                  | mind. [potion of mutation]
  1774 | D:2      | 1774 ||| DROPPING potion of invisibility.
  1795 | D:3      | Identified the +2 robe "Upijuaj" {rF- rC++}
  1961 | D:3      | Noticed Grinder
  1966 | D:3      | Noticed Sigmund
  1974 | D:3      | HP: 5/23 [Sigmund/magic dart (7)]
  1974 | D:3      | HP: 2/23 [Grinder/nerve-wracking pain (3)]
  1975 | D:3      | 1975 ||| DRINKING potion of heal wounds.
  1978 | D:3      | Paralysed by Grinder for 2 turns
  1980 | D:3      | Killed Sigmund
  1981 | D:3      | Reached skill level 3 in Fighting
  1981 | D:3      | Reached XP level 5. HP: 21/29 MP: 6/6
  1981 | D:3      | Reached XP level 6. HP: 24/33 MP: 7/7
  1995 | D:3      | Killed Grinder
  1996 | D:3      | Reached skill level 6 in Ranged Weapons
  2249 | D:3      | Noticed Ijyb
  2265 | D:3      | HP: 8/33 [gnoll/+0 whip (5)]
  2265 | D:3      | HP: 1/33 [gnoll/+0 whip (7)]
  2269 | D:3      | Slain by Ijyb

Levels and vault maps discovered:
D:1:      lemuel_arrival_behind_the_door_large, layout_basic,
          hellmonk_ecumenical_altar_inner_sanctum, serial_shops, shop_fountains,
          serial_forest, infiniplex_forest_lined_1,
          infiniplex_forest_clump_tiny, infiniplex_forest_clump_curved,
          infiniplex_forest_zigzag_1, infiniplex_forest_end_1,
          infiniplex_forest_corner_2, infiniplex_forest_corner_1, minmay_3d_cube
D:2:      layout_loops_corners
D:3:      layout_loops_cross, kennysheep_generic_room_13, uniq_ijyb,
          uniq_grinder, uniq_robin, uniq_sigmund

Skill      XL: |  1  2  3  4  5  6 |
---------------+-------------------+-----
Dodging        | 3 4 5 |  5.5
Ranged Weapons | 5 6 |  6.2
Fighting       | 3 |  3.7
Stealth        | |  1.5

Action                     |  1- 3 |  4- 6 || total
---------------------------+-------+-------++-------
   Fire: Shortbow          |    98 |    94 ||   192
    Use: Potion            |     1 |     3 ||     4
         Scroll            |       |     2 ||     2
 Armour: Robe              |    14 |    14 ||    28
  Dodge: Dodged            |    34 |    48 ||    82

Table legend:
 A = Non-vault XP
 B = Vault XP
 C = Vault XP percentage of total XP
 D = Non-vault monster count
 E = Vault monster count
 F = Vault count percentage of total count
                 A         B        C        D         E       F
            +---------+---------+-------+---------+---------+-------
      Total |     208 |     504 |  70.8 |      53 |       7 |  11.7
            +---------+---------+-------+---------+---------+-------
        D:1 |      22 |      11 |  33.3 |      14 |       5 |  26.3
        D:2 |      76 |       0 |   0.0 |      22 |       0 |   0.0
        D:3 |     110 |     493 |  81.8 |      17 |       2 |  10.5
            +---------+---------+-------+---------+---------+-------
